 Dungeon Crawl Stone Soup version 0.27.0-1-g7a089689b8 (webtiles) character file.

Game seed: 6564358122658705281

21 sasquatch the Cudgeller (level 2, -4/26 HPs)
             Began as a Minotaur Berserker on Aug 3, 2021.
             Was a Follower of Trog.
             Slain by Sigmund (7 damage)
             ... on level 2 of the Dungeon.
             The game lasted 00:01:07 (1131 turns).

sasquatch the Cudgeller (Minotaur Berserker)        Turns: 1131, Time: 00:01:08

Health: -4/26      AC:  4    Str: 21    XL:     2   Next: 62%
Magic:  1/1        EV: 12    Int:  4    God:    Trog [*.....]
Gold:   15         SH:  0    Dex:  9    Spells: 1/1 levels left

rFire    . . .     SeeInvis .   a - +0 mace
rCold    . . .     Faith    .   (no shield)
rNeg     . . .     Spirit   .   b - +0 animal skin
rPois    .         Reflect  .   (helmet restricted)
rElec    .         Harm     .   (no cloak)
rCorr    .         Rampage  .   l - +1 pair of gloves
Will     .....                  (no boots)
Stlth    +.........             (no amulet)
HPRegen  0.08/turn              (no ring)
MPRegen  0.07/turn              (no ring)

@: on berserk cooldown, slowed, very slow
A: horns 2, retaliatory headbutt
a: Renounce Religion, Berserk


You were on level 2 of the Dungeon.
You worshipped Trog.
Trog was aware of your devotion.
You visited 1 branch of the dungeon, and saw 2 of its levels.

You collected 15 gold pieces.

Inventory:

Hand Weapons
 a - a +0 mace (weapon)
Missiles
 m - 16 poisoned darts (quivered)
Armour
 b - a +0 animal skin (worn)
 g - a +0 plate armour
 l - a +1 pair of gloves (worn)
Jewellery
 k - a ring of protection from fire
Scrolls
 h - a scroll of identify {unknown}
 i - a scroll of vulnerability {unknown}
 j - a scroll of blinking {unknown}
 n - 2 scrolls of noise {unknown}
Potions
 c - a potion of mutation {unknown}
 d - a potion of might {unknown}
 e - a potion of resistance {unknown}
 f - a potion of heal wounds {unknown}


   Skills:
 - Level 3.6 Fighting
 * Level 4.8 Maces & Flails
 - Level 2.4 Armour
 - Level 2.1 Dodging


You had one spell level left.
You didn't know any spells.
Your spell library was empty.

Dungeon Overview and Level Annotations

Branches:
Dungeon (2/15)

Altars:

Annotations:
D:2 Sigmund


Innate Abilities, Weirdness & Mutations

You have a pair of horns on your head.
You reflexively headbutt those who attack you in melee.


Message History

Sigmund barely misses you.
Sigmund is nearby!
Sigmund casts a spell at you.
You are confused.
Sigmund is nearby!
You are too confused!
You are too confused!
You are too confused!
You bump into the rock wall.
Sigmund barely misses you. Sigmund barely misses you.
You are too confused!
You're too confused to move!
Sigmund closely misses you.
You bump into the rock wall.
Sigmund completely misses you.
You bump into the rock wall.
You feel less confused.
Sigmund casts a spell.
Sigmund flickers and vanishes!
Deactivating autopickup; reactivate with Ctrl-A.
A red film seems to cover your vision as you go berserk!
You feel yourself moving faster!
You feel mighty!
You hear some strange, mumbled words.
You are confused.
You're too confused to move!
You feel a strong urge to attack something.
Something hits you but does no damage.
You bump into the rock wall.
You feel your anger nearly subside. Something barely misses you.
You bump into the rock wall.
You are no longer berserk.
You are exhausted.
You feel yourself slow down. Something hits you.
You barely miss something. Your headbutt misses something. Something hits you!
* * * LOW HITPOINT WARNING * * *
You hit something.
You feel less confused. Something hits you.
* * * LOW HITPOINT WARNING * * *
Something hits you!
You die...

### ... #.# #.#
#{# #@# #.# #.#
#.######..
#.........
#.#.###.######.#
..............>#
....###.######..
#######.#####


There were no monsters in sight!

Vanquished Creatures
  2 ball pythons (D:1)
  3 giant cockroaches (D:1)
  2 hobgoblins (D:1)
  5 kobolds
  A quokka (D:1)
  2 bats
  2 frilled lizards (D:2)
  2 rats (D:1)
19 creatures vanquished.

Notes
Turn   | Place    | Note
-------+----------+-------------------------------------------
     0 | D:1      | sasquatch the Minotaur Berserker began the quest for the
                  | Orb.
     0 | D:1      | Reached XP level 1. HP: 19/19 MP: 0/0
   205 | D:1      | Reached skill level 4 in Maces & Flails
   249 | D:1      | Reached XP level 2. HP: 26/26 MP: 1/1
   260 | D:1      | Found a faded altar of an unknown god.
  1115 | D:2      | Noticed Sigmund
  1131 | D:2      | Slain by Sigmund

Illustrated notes

Levels and vault maps discovered:
D:1:      lemuel_arrival_funnel, layout_basic,
          shapermc_ecumenical_altar_mp_ritualfount
D:2:      layout_basic, basic_altar, grunt_decor_junction, uniq_sigmund,
          uniq_jessica

Skill      XL: |  1 |
---------------+----+-----
Maces & Flails | 4 |  4.8
Fighting       | |  3.6
Armour         | |  2.4
Dodging        | |  2.1

Action                   || total
-------------------------++-------
Melee: Mace              ||    32
       Headbutt          ||     4
Invok: Berserk           ||     1
Armor: Animal skin       ||     9
Dodge: Dodged            ||    25
